 Dungeon Crawl Stone Soup version 0.27.1-1-g398f81649c (webtiles) character file.

Game seed: 15645638012728937646

186 speeev33 the Skirmisher (level 5, 0/47 HPs)
             Began as a Hill Orc Fighter on Sept 12, 2021.
             Slain by an orc (4 damage)
             ... on level 3 of the Dungeon.
             The game lasted 00:03:07 (2527 turns).

speeev33 the Skirmisher (Hill Orc Fighter)          Turns: 2527, Time: 00:03:08

Health: 0/47       AC:  7    Str: 20    XL:     5   Next: 66%
Magic:  5/5        EV:  7    Int:  8    God:
Gold:   125        SH: 10    Dex: 10    Spells: 4/4 levels left

rFire    . . .     SeeInvis .   a - +1 war axe
rCold    . . .     Faith    .   c - +1 kite shield
rNeg     . . .     Spirit   .   b - +0 scale mail
rPois    .         Reflect  .   (no helmet)
rElec    .         Harm     .   (no cloak)
rCorr    .         Rampage  .   (no gloves)
Will     .....                  (no boots)
Stlth    ..........             (no amulet)
HPRegen  0.15/turn              (no ring)
MPRegen  0.09/turn              (no ring)

@: no status effects
A: no striking features
a: no special abilities


You were on level 3 of the Dungeon.
You visited 1 branch of the dungeon, and saw 3 of its levels.

You collected 125 gold pieces.

Inventory:

Hand Weapons
 a - a +1 war axe (weapon)
Armour
 b - a +0 scale mail (worn)
 c - a +1 kite shield (worn)
Jewellery
 g - an amulet of faith
Scrolls
 h - 2 scrolls of enchant weapon
Potions
 d - 3 potions of might
 f - a potion of degeneration
 i - a potion of curing


   Skills:
 + Level 4.8 Fighting
 + Level 4.3 Axes
 + Level 4.4 Armour
 + Level 4.4 Shields


You had 4 spell levels left.
You didn't know any spells.
Your spell library contained the following spells:

 Spells                   Type           Power      Damage    Failure   Level
 Summon Small Mammal      Summ           0%         N/A       99%         1
 Call Canine Familiar     Summ           0%         N/A       100%        3
 Summon Guardian Golem    Hex/Summ       0%         N/A       100%        3


Dungeon Overview and Level Annotations

Branches:
Dungeon (3/15)

Altars:


Message History

You block the orc's attack. The orc priest closely misses you.
You block the orc's attack.
You hit the orc priest.
The orc priest is severely wounded.
The orc priest shouts, "Beogh is our master!
Accept the truth or die!"
You block the orc priest's attack.
The orc priest invokes the aid of Beogh against you.
Pain shoots through your body!
* * * LOW HITPOINT WARNING * * *
You closely miss the orc priest.
The orc priest is severely wounded.
You block the orc priest's attack.
You barely miss the orc priest.
The orc priest is severely wounded.
You block the orc priest's attack. The orc priest completely misses you.
Unknown command.
You barely miss the orc priest.
The orc priest is severely wounded.
The orc priest hits you with a +0 flail!
* * * LOW HITPOINT WARNING * * *
Unknown command.
You hit the orc priest.
The orc priest is almost dead.
The orc priest shouts, "Beogh is our master!
Accept the truth or die!"
The orc priest mumbles some strange prayers to Beogh against you.
You barely resist. The orc priest completely misses you.
You slash the orc priest!
You kill the orc priest!
You block the orc's attack.
You closely miss the orc. The orc hits you but does no damage.
You barely miss the orc. You block the orc's attack.
The orc closely misses you.
You barely miss the orc. You block the orc's attack.
You closely miss the orc. The orc hits you but does no damage.
The orc hits you with a +0 hand axe.
* * * LOW HITPOINT WARNING * * *
You closely miss the orc. The orc barely misses you.
You hit the orc but do no damage. You block the orc's attack.
The orc hits you with a +0 hand axe.
You die...

#.##....)..## #......##...##
#######
#......#.....########.....###.#
........................<....#
.......#.<...###..........###.#
...<........## #.####.....#
.###.....#>## #.# #.....#
......##.#.#####.# ###.###
...............#@# #.#
.##.####.#.....#o## #.# .##.
#.#...[.)..# #.# ##.
#.####..#..# #.# #.#
#.)#..#####.#########
#.####........##..........
#........)....###########.
######.)......# #. #..........#
#.


You could see an orc.

Vanquished Creatures
  An orc priest (D:3)
  A hound (D:3)
  8 adders
  3 dart slugs
  4 orcs (D:3)
  An endoplasm (D:3)
  4 giant cockroaches
  4 hobgoblins
  2 kobolds
  A quokka (D:2)
  6 ball pythons
  3 bats
  3 frilled lizards
  6 goblins
  6 rats
53 creatures vanquished.

Notes
Turn   | Place    | Note
-------+----------+-------------------------------------------
     0 | D:1      | speeev33 the Hill Orc Fighter began the quest for the Orb.
     0 | D:1      | Reached XP level 1. HP: 19/19 MP: 1/1
   314 | D:1      | Reached XP level 2. HP: 27/27 MP: 2/2
   812 | D:1      | Reached XP level 3. HP: 33/33 MP: 3/3
  1247 | D:2      | Reached XP level 4. HP: 40/40 MP: 4/4
  1960 | D:3      | Found a faded altar of an unknown god.
  2063 | D:3      | Reached XP level 5. HP: 27/47 MP: 5/5
  2527 | D:3      | Slain by an orc

Illustrated notes

Levels and vault maps discovered:
D:1:      elethiomel_arrival_infinity_welcomes_careful_drivers, layout_basic,
          minmay_misc_feat_four_crosses, minmay_misc_feat_iff
D:2:      layout_loops_ring
D:3:      layout_loops_ring, dreamdust_ecumenical_altar_hidden_monk_grotto,
          dk_noncrumbling_2

Skill      XL: |  1  2  3  4 |
---------------+-------------+-----
Axes           | 3 4 |  4.3
Fighting       | 4 |  4.8
Armour         | 4 |  4.4
Shields        | 4 |  4.4

Action                   |  1- 3 |  4- 6 || total
-------------------------+-------+-------++-------
Melee: War axe           |    84 |    78 ||   162
  Use: Scroll            |     6 |     3 ||     9
Armor: Scale mail        |    34 |    42 ||    76
Dodge: Dodged            |    30 |    25 ||    55
Block: Kite shield       |    44 |    47 ||    91
